Map: [ESL] Data-C

Players

Nice

  • Race: Protoss Protoss
  • Spawn Location: 3:00

ShoWTimE - Winner!

  • Race: Protoss Protoss
  • Spawn Location: 9:00

Event: DreamHack SC2 Masters 2022 Valencia

VOD

Have the link to the VOD?

Description

Time

  • Played on: July 2, 2022, 4:21 a.m.
  • Length: 12:35

All games in this series

Show
View Real Time Build Order
Export as new Build Order

Nice Protoss 

Build Orders: Phoenix Opening, Archon Immortal 

Get SALT Encoding   

  12  0:00  Probe  
  13  0:12  Probe  
  14  0:19  Pylon  
  14  0:24  Probe  
  15  0:37  Probe (Chrono Boost)  
  15  0:38  Gateway  
  16  0:48  Probe (Chrono Boost), Assimilator  
  17  0:53  Probe (Chrono Boost)  
  18  1:00  Assimilator  
  18  1:03  Probe (Chrono Boost)  
  19  1:15  Probe (Chrono Boost)  
  19  1:16  Pylon  
  20  1:24  Probe (Chrono Boost)  
  21  1:28  Cybernetics Core  
  21  1:30  Probe  
  22  1:34  Zealot  
  24  1:41  Pylon  
  24  1:44  Probe  
  25  1:56  Probe  
  26  2:03  Stalker (Chrono Boost), Pylon  
  26  2:06  Warp Gate  
  28  2:24  Stargate  
  28  2:29  Pylon  
  28  2:34  Stalker  
  30  2:44  Gateway  
  30  2:55  Nexus  
  29  3:01  Pylon  
  29  3:08  Phoenix (Chrono Boost)  
  31  3:12  Shield Battery  
  31  3:19  Probe  
  32  3:25  Phoenix (Chrono Boost)  
  34  3:31  Probe  
  35  3:43  Probe  
  34  3:50  Phoenix (Chrono Boost)  
  36  3:56  Probe  
  36  4:02  Stalker  
  37  4:08  Probe x2 (Chrono Boost)  
  39  4:15  Phoenix (Chrono Boost)  
  41  4:20  Probe (Chrono Boost)  
  43  4:26  Probe (Chrono Boost)  
  43  4:27  Robotics Facility  
  43  4:28  Probe (Chrono Boost)  
  44  4:32  Probe (Chrono Boost)  
  44  4:33  Pylon  
  44  4:34  Probe  
  46  4:44  Probe  
  47  4:46  Probe  
  47  4:49  Phoenix  
  50  4:56  Probe, Assimilator  
  50  4:58  Probe  
  52  5:07  Gateway  
  52  5:08  Probe  
  52  5:11  Probe  
  52  5:13  Pylon, Shield Battery  
  54  5:14  Sentry, Assimilator  
  54  5:16  Observer (Chrono Boost)  
  54  5:20  Probe  
  58  5:23  Probe  
  58  5:24  Oracle (Chrono Boost)  
  62  5:32  Pylon, Probe  
  64  5:35  Probe  
  64  5:43  Immortal (Chrono Boost)  
  64  5:44  Probe  
  64  5:45  Immortal (Chrono Boost)  
  67  6:01  Probe x2  
  69  6:06  Pylon  
  69  6:16  Sentry x2  
  69  6:18  Nexus, Probe  
  74  6:19  Immortal (Chrono Boost)  
  74  6:24  Probe  
  79  6:25  Shield Battery  
  79  6:32  Nexus  
  79  6:34  Probe  
  79  6:37  Probe  
  79  6:38  Forge  
  81  6:45  Stalker  
  81  6:46  Stalker  
  81  6:47  Probe  
  86  6:51  Probe  
  86  6:59  Twilight Council  
  86  7:02  Pylon  
  86  7:04  Pylon  
  86  7:15  Probe x2  
  86  7:23  Immortal (Chrono Boost)  
  86  7:26  Protoss Ground Weapons Level 1 (Chrono Boost)  
  86  7:28  Stalker x2  
  64  7:30  Charge, Gateway  
  94  7:32  Probe, Gateway  
  94  7:34  Probe  
  96  7:44  Probe  
  97  7:46  Probe  
  98  7:56  Observer (Chrono Boost), Probe  
  100  8:00  Stalker x2  
  100  8:05  Pylon  
  104  8:10  Pylon  
  101  8:13  Pylon  
  101  8:18  Templar Archives  
  101  8:22  Immortal (Chrono Boost)  
  105  8:34  Assimilator  
  105  8:36  Pylon, Assimilator  
  105  8:37  Gateway, Zealot x3  
  105  8:38  Gateway  
  105  8:40  Gateway  
  108  8:41  Zealot  
  108  8:45  Gateway  
  108  8:47  Probe  
  111  8:52  Immortal (Chrono Boost)  
  115  8:55  Pylon  
  115  9:01  Zealot x3  
  121  9:05  Zealot  
  117  9:25  High Templar x4  
  117  9:27  Pylon  
  117  9:28  Pylon  
  117  9:29  Pylon, Archon x2, Warp Prism (Chrono Boost)  
  125  9:32  High Templar  
  125  9:33  Protoss Ground Weapons Level 2 (Chrono Boost), High Templar  
  125  9:36  Photon Cannon  
  125  9:37  Archon  
  131  9:39  Pylon  
  131  9:51  Nexus  
  131  9:54  Shield Battery  
  131  9:55  High Templar  
  131  9:59  High Templar  
  135  10:03  Archon  
  134  10:09  Zealot x4  
  136  10:23  High Templar  
  136  10:27  Pylon  
  136  10:28  High Templar  
  140  10:29  Pylon x2  
  140  10:30  High Templar x2, Zealot  
  140  10:31  Zealot x2  
  140  10:33  Archon  
  140  10:34  Archon  
  150  10:43  Nexus  
  150  10:45  Probe x2  
  152  10:51  Probe  
  149  10:57  Probe  
  144  11:07  High Templar x4  
  144  11:08  Zealot x3  
  144  11:12  Archon x2  
  128  11:20  Probe, Immortal (Chrono Boost)  
  128  11:21  Probe x2  
  133  11:29  High Templar  
  133  11:30  High Templar  
  125  11:33  Archon, Shield Battery  
  125  11:36  Zealot  
  125  11:37  Pylon  
  125  11:39  Zealot x2  
  129  11:40  Zealot  
  129  11:41  Zealot  
  133  11:54  Probe x2  
  133  11:56  Pylon, Zealot  
  133  12:01  Zealot x4  
  123  12:15  Zealot x2  
  121  12:27  High Templar x5  
  121  12:28  Zealot  
  123  12:31  Archon x2  
Show
View Real Time Build Order
Export as new Build Order

ShoWTimE Protoss - Winner!

Build Orders: Oracle Opening, Blink Stalkers 

Get SALT Encoding   

  12  0:00  Probe  
  13  0:12  Probe  
  14  0:18  Pylon  
  14  0:24  Probe (Chrono Boost)  
  15  0:36  Probe (Chrono Boost)  
  15  0:38  Gateway  
  16  0:45  Probe (Chrono Boost)  
  16  0:46  Assimilator  
  17  0:50  Probe  
  18  1:03  Probe (Chrono Boost)  
  19  1:04  Assimilator  
  19  1:06  Pylon  
  19  1:14  Probe (Chrono Boost)  
  20  1:19  Probe (Chrono Boost)  
  21  1:26  Cybernetics Core  
  21  1:29  Probe  
  22  1:34  Zealot  
  24  1:41  Probe  
  25  1:53  Probe  
  26  1:59  Pylon  
  26  2:02  Stargate  
  26  2:05  Probe  
  27  2:12  Stalker  
  29  2:18  Warp Gate  
  29  2:33  Pylon  
  29  2:44  Nexus  
  29  2:48  Oracle (Chrono Boost)  
  32  2:53  Probe  
  33  3:00  Shield Battery  
  33  3:05  Probe  
  33  3:10  Stalker  
  35  3:17  Probe  
  36  3:23  Twilight Council  
  36  3:29  Probe  
  37  3:39  Gateway  
  37  3:41  Probe  
  38  3:52  Blink (Chrono Boost)  
  38  3:53  Probe  
  39  4:00  Probe  
  40  4:05  Gateway  
  40  4:06  Probe  
  41  4:11  Stalker  
  41  4:14  Probe  
  44  4:18  Probe  
  44  4:26  Probe  
  44  4:30  Probe  
  45  4:33  Stalker  
  45  4:34  Stalker  
  49  4:39  Probe  
  49  4:42  Probe  
  49  4:51  Probe  
  50  4:54  Probe  
  50  4:59  Stalker  
  53  5:03  Probe  
  53  5:04  Pylon  
  53  5:06  Probe  
  54  5:16  Nexus  
  54  5:20  Pylon  
  54  5:22  Probe x2  
  54  5:24  Stalker x2  
  54  5:28  Assimilator  
  60  5:34  Probe x2  
  62  5:38  Stalker  
  64  5:42  Forge  
  64  5:45  Pylon  
  64  5:46  Probe x2  
  64  5:56  Stalker x2  
  68  5:58  Probe  
  68  6:03  Protoss Ground Weapons Level 1 (Chrono Boost)  
  68  6:04  Stalker  
  68  6:05  Probe  
  68  6:10  Probe  
  69  6:17  Probe  
  70  6:20  Stalker x2  
  70  6:23  Probe  
  75  6:29  Probe  
  75  6:32  Probe  
  77  6:35  Probe, Gateway  
  77  6:36  Gateway  
  78  6:41  Probe, Gateway  
  78  6:44  Probe  
  78  6:45  Shield Battery  
  80  6:47  Probe  
  80  6:53  Probe  
  82  6:54  Stalker x2  
  82  7:00  Stalker  
  88  7:03  Pylon  
  88  7:05  Charge (Chrono Boost)  
  88  7:07  Pylon  
  88  7:10  Probe x2  
  88  7:11  Probe  
  89  7:17  Stalker  
  89  7:22  Probe  
  88  7:23  Stalker  
  88  7:24  Probe  
  88  7:28  Probe  
  92  7:35  Gateway  
  92  7:37  Probe, Gateway  
  92  7:39  Probe  
  92  7:40  Probe  
  95  7:49  Probe  
  95  7:51  Probe  
  97  7:52  Probe  
  97  7:55  Stalker x2  
  102  8:01  Stalker, Probe  
  102  8:03  Probe  
  102  8:04  Probe  
  107  8:07  Protoss Ground Weapons Level 2 (Chrono Boost)  
  107  8:12  Photon Cannon  
  107  8:13  Probe  
  107  8:15  Probe  
  109  8:26  Pylon  
  109  8:33  Nexus, Pylon  
  109  8:35  Pylon x2  
  109  8:38  Photon Cannon  
  109  8:41  Pylon  
  109  8:44  Probe x3  
  109  8:47  Shield Battery  
  112  8:49  Pylon, Zealot x2  
  112  8:51  Sentry x2  
  112  8:52  Zealot x2  
  124  8:55  Pylon  
  124  9:08  Zealot x2  
  128  9:20  Zealot x6  
  140  9:24  Pylon  
  140  9:29  Pylon  
  140  9:31  Stalker x2  
  140  9:33  Shield Battery  
  140  9:36  Shield Battery  
  140  9:37  Photon Cannon  
  144  9:40  Zealot  
  144  9:41  Zealot x3  
  152  9:46  Zealot x2  
  152  9:48  Probe x4  
  160  9:59  Stalker x2  
  164  10:04  Gateway  
  164  10:05  Gateway  
  162  10:19  Stalker x6  
  158  10:22  Probe  
  158  10:23  Probe x2  
  158  10:27  Pylon  
  161  10:29  Stalker x2  
  161  10:35  Pylon  
  162  10:43  Stalker x5  
  171  10:55  Pylon, Robotics Facility  
  171  10:56  Stalker x3  
  161  11:09  Zealot  
  161  11:10  Zealot x4  
  163  11:13  Zealot x2  
  147  11:22  Zealot x3  
  147  11:31  Stalker x5  
  157  11:35  Nexus  
  157  11:38  Pylon  
  157  11:43  Photon Cannon  
  157  11:47  Stalker x5  
  157  11:52  Probe x4  
  163  12:04  Probe  
  152  12:13  Stalker x4, Zealot x4  
  152  12:14  Zealot x2  
  168  12:18  Probe x3  
  168  12:19  Probe  

Tags
 
Add a new tag
Caveats
  • Supply blocks, unpowered buildings, or Contaminate may cause inaccurate times.
  • Supply counts are checked every 10 seconds.